 Dungeon Crawl Stone Soup version 0.29-a0-321-gf1c400731a (webtiles) character file.

Game seed: 9671088068287293709

4100 YayAnonymity the Cleaver (level 10, -5/64 (70) HPs)
             Began as a Formicid Fighter on Apr 3, 2022.
             Was a Follower of Qazlal.
             Slain by an ice devil (8 damage)
             ... summoned by an orc sorcerer
             ... on level 8 of the Dungeon.
             The game lasted 00:14:32 (8346 turns).

YayAnonymity the Cleaver (Formicid Fighter)         Turns: 8346, Time: 00:14:33

HP:   -5/64 (70)    AC: 14    Str: 22 (25) XL:     10   Next: 50%
MP:   0/10          EV:  5    Int:  7 (8)  God:    Qazlal [*.....]
Gold: 178           SH: 12    Dex:  9 (10) Spells: 9/9 levels left

rFire   + . .      SeeInvis +   a - +3 demon blade (drain)
rCold   + . .      Faith    .   B - +0 kite shield {rC+ rF+}
rNeg    . . .      Spirit   +   x - +1 plate armour
rPois   .          Reflect  .   (helmet unavailable)
rElec   .          Harm     .   (no cloak)
rCorr   .          Rampage  .   (no gloves)
Will    +....                   q - +0 pair of boots
Stlth   ..........              h - amulet of guardian spirit
HPRegen 1.00/turn               g - ring of flight
MPRegen 0.12/turn               (no ring)

@: flying, studying Shields, drained
A: permanent stasis, dig shafts and tunnels, antennae 3, four strong arms,
regeneration 1
a: Dig, Shaft Self, Renounce Religion


You were on level 8 of the Dungeon.
You worshipped Qazlal.
Qazlal was aware of your devotion.
You visited 2 branches of the dungeon, and saw 9 of its levels.
You also visited: Ossuary.

You collected 493 gold pieces.
You spent 315 gold pieces at shops.

Inventory:

Hand Weapons
 a - a +3 demon blade of draining (weapon)
 b - the +7 shortbow of Bycoobli {venom, Int+5}
   (You found it on level 6 of the Dungeon)

   Any ammunition fired from it poisons the flesh of those it strikes.
   Int:       It affects your intelligence (+5).
 u - a +0 war axe of freezing
Missiles
 l - 8 poisoned darts (quivered)
Armour
 q - a +0 pair of boots (worn)
 x - a +1 plate armour (worn)
 B - a +0 kite shield of resistance (worn)
Jewellery
 g - a ring of flight (left hand)
 h - an amulet of guardian spirit (around neck)
Wands
 m - a wand of digging (4)
 z - a wand of flame (23)
Scrolls
 c - a scroll of enchant armour
 d - a scroll of immolation
 o - a scroll of silence
 r - a scroll of vulnerability
 v - a scroll of enchant weapon
 w - a scroll of acquirement
 y - 2 scrolls of noise
 D - a scroll of identify
Potions
 e - a potion of lignification
 f - a potion of invisibility
 i - a potion of brilliance
 j - 4 potions of curing
 k - 2 potions of ambrosia
 n - a potion of resistance
 p - 2 potions of degeneration
 s - a potion of mutation
 t - 3 potions of might
 A - a potion of attraction
 C - a potion of flight


   Skills:
 - Level 3.2 Fighting
 * Level 11.8 Axes
 + Level 3.4 Bows
 - Level 5.0 Armour
 + Level 10.9 Shields


You had 9 spell levels left.
You didn't know any spells.
Your spell library contained the following spells:

 Spells                   Type           Power      Damage    Failure   Level
 Magic Dart               Conj           0%         1d3       100%        1
 Shock                    Conj/Air       0%         1d3       100%        1
 Call Imp                 Summ           0%         N/A       100%        2
 Gell's Gravitas          Tloc           0%         N/A       100%        3
 Ignite Poison            Fire/Tmut/Pois 0%         N/A       100%        3
 Lesser Beckoning         Tloc           0%         N/A       100%        3
 Mephitic Cloud           Conj/Pois/Air  0%         N/A       100%        3
 Teleport Other           Tloc           0%         N/A       100%        3
 Tukima's Dance           Hex            0%         N/A       100%        3
 Airstrike                Air            0%         N/A       100%        4
 Animate Dead             Necr           0%         N/A       100%        4
 Passage of Golubria      Tloc           0%         N/A       100%        4
 Borgnjor's Vile Clutch   Necr/Erth      0%         N/A       100%        5
 Freezing Cloud           Conj/Ice/Air   0%         6-21      100%        5
 Yara's Violent Unravell  Hex/Tmut       0%         3d3       100%        5
 Death Channel            Necr           0%         N/A       100%        6
 Swiftness                Air            Unusable   N/A       N/A         3

Dungeon Overview and Level Annotations

Branches:
Dungeon (8/15)             Temple (1/1) D:5         Ossuary (visited)
   Lair: D:8-11

Altars:
Ashenzari
Cheibriados
Dithmenos
Elyvilon
Fedhas
Gozag
Hepliaklqana
Kikubaaqudgha
Makhleb
Nemelex Xobeh
Okawaru
Qazlal
Ru
Sif Muna
Trog
Uskayaw
Vehumet
Wu Jian
Xom
Yredelemnul
Zin
The Shining One

Shops:
D:5 **


Innate Abilities, Weirdness & Mutations

You cannot be hasted, slowed, berserked, paralysed or teleported.
You can dig through walls and to a lower floor.
You have a pair of large antennae on your head. (SInv)
Your four strong arms can wield two-handed weapons with a shield.
Your natural rate of healing is unusually fast.


Message History

You kill the orc sorcerer!
Qazlal accepts your kill.
Your life force feels restored.
C - 2 sedimented cyan potions (gained 1)
Things that are here:
a +0 dagger; a +0 robe; an orc corpse You start resting.
Magic restored.
You start resting.
You hear the steady creaking of a distant portcullis.
You start resting.
You sense a monster nearby.
An orc sorcerer comes into view. It is wielding a +0 dagger.
The orc sorcerer shouts!
You hear the steady creaking of a distant portcullis.
The orc sorcerer gestures at you while chanting.
The bolt of negative energy hits you!!
You feel drained.
* * * LOW HITPOINT WARNING * * *
Things that are here:
a +0 dagger; a +0 robe; an orc corpse It was a potion of degeneration.
There was something very wrong with that liquid.
You feel weakened.
You feel dopey.
You feel clumsy.
The orc sorcerer gestures wildly while chanting.
Things that are here:
a +0 dagger; a +0 robe; an orc corpse The orc sorcerer points at you and mumbles some strange words.
The bolt of negative energy hits you!!
You feel drained.
* * * LOW HITPOINT WARNING * * *
The ice devil hits you but does no damage.
It was a potion of mutation.
You feel extremely strange.
You begin to heal more quickly.
You block the orc sorcerer's attack.
The ice devil hits you but does no damage.
It was a potion of flight.
You feel more buoyant.
The orc sorcerer hits you with a +0 dagger.
* * * LOW HITPOINT WARNING * * *
The ice devil hits you!
You die...

............
...#..#.#.## ###...#
...#..#.#.## ......##
...#..#.#.. ........
........#.# #.##...#
#..#..#.#.# #.##...#####
#..#..#.#.###...........
................o○......
#..#..#.#.##.###@.......
........#.##...).4......
#..#..#.......##...#####
..........$........#
#..#. #...#...##...# ..#
#...#...##...#
.............. #.
##...##..### .........


You could see an ice devil (summoned) and an orc sorcerer.

Vanquished Creatures
  A centaur warrior (D:8)
  An orc sorcerer (D:8)
  Grinder (D:3)
  4 yaks (D:7)
  Menkaure (D:7)
  A water moccasin (D:6)
  3 ice beasts
  Duvessa (D:5)
  A black bear (D:5)
  An ogre (D:6)
  A centaur (D:7)
  A phantom (D:5)
  An elf zombie (Ossuary)
  3 bullfrogs
  3 scorpions
  Dowan (D:5)
  8 howler monkeys
  3 hounds
  A jelly (D:6)
  An orc priest (D:6)
  4 orc wizards
  5 iguanas
  A hound zombie (Ossuary)
  4 mummies (Ossuary)
  A river rat (D:5)
  9 adders
  A shadow imp (D:7)
  A white imp (D:6)
  2 ufetubi (D:5)
  An adder zombie (Ossuary)
  2 worms (D:5)
  2 dart slugs
  12 orcs
  5 endoplasms
  3 giant cockroaches
  2 gnoll zombies (Ossuary)
  5 goblins
  5 hobgoblins
  6 jackals
  2 quokkas (D:5)
  6 ball pythons
  2 bats
  3 frilled lizards
  A goblin zombie (Ossuary)
  A jackal zombie (Ossuary)
  7 kobolds
  2 kobold zombies (Ossuary)
  2 orc zombies (Ossuary)
  5 rats
  A rat zombie (Ossuary)
141 creatures vanquished.

Notes
Turn   | Place    | Note
-------+----------+-------------------------------------------
     0 | D:1      | YayAnonymity the Formicid Fighter began the quest for the
                  | Orb.
     0 | D:1      | Reached XP level 1. HP: 18/18 MP: 1/1
   137 | D:1      | Reached XP level 2. HP: 24/24 MP: 2/2
   937 | D:2      | Reached XP level 3. HP: 25/29 MP: 3/3
  1471 | D:2      | Reached skill level 3 in Axes
  1557 | D:3      | Noticed Grinder
  1574 | D:3      | Killed Grinder
  1575 | D:3      | Reached skill level 4 in Axes
  1575 | D:3      | Reached skill level 5 in Shields
  1575 | D:3      | Reached XP level 4. HP: 20/35 MP: 4/4
  1575 | D:3      | Reached XP level 5. HP: 24/41 MP: 5/5
  1575 | D:3      | Reached XP level 6. HP: 27/47 MP: 6/6
  2199 | D:4      | Reached skill level 5 in Axes
  2199 | D:4      | Reached skill level 5 in Armour
  2199 | D:4      | Reached XP level 7. HP: 39/52 MP: 7/7
  2906 | D:5      | Entered Level 5 of the Dungeon
  3091 | D:5      | Found a sand-covered staircase.
  3095 | Ossuary  | Entered an ossuary
  3110 | Ossuary  | Reached skill level 6 in Axes
  3523 | Ossuary  | Reached XP level 8. HP: 48/49 MP: 8/8
  3691 | D:5      | Reached skill level 7 in Axes
  4537 | D:5      | Found Noneunus's Specific Store.
  4592 | D:5      | Found Igomutt's General Store.
  4608 | D:5      | Reached skill level 8 in Axes
  4634 | D:5      | Found a staircase to the Ecumenical Temple.
  4641 | Temple   | Entered the Ecumenical Temple
  4680 | Temple   | Became a worshipper of Qazlal Stormbringer
  4915 | D:5      | Noticed Dowan
  4915 | D:5      | Noticed Duvessa
  4927 | D:5      | Killed Duvessa
  4933 | D:5      | Killed Dowan
  5456 | D:5      | Reached skill level 9 in Axes
  5638 | D:6      | Identified 2 scrolls of acquirement
  5638 | D:6      | Acquired a manual of Shields
  5730 | D:6      | Reached XP level 9. HP: 63/64 MP: 9/9
  6033 | D:6      | Found the +6 shillelagh "Devastator" {shatter}
  6230 | D:6      | Reached * piety under Qazlal
  6306 | D:6      | Reached skill level 10 in Axes
  6464 | D:6      | Identified the +7 shortbow of Bycoobli {venom, Int+5}
  6523 | D:6      | Found an opulent altar of Gozag.
  6860 | D:5      | Bought a +0 kite shield of resistance for 315 gold pieces
  7205 | D:7      | Reached skill level 1 in Bows
  7586 | D:7      | Noticed Menkaure
  7589 | D:7      | Killed Menkaure
  7628 | D:7      | Reached XP level 10. HP: 70/70 MP: 10/10
  7918 | D:8      | Reached skill level 11 in Axes
  7951 | D:8      | Noticed a centaur warrior
  8143 | D:8      | Killed a centaur warrior
  8144 | D:8      | Reached skill level 10 in Shields
  8223 | D:8      | Noticed an orc sorcerer
  8240 | D:8      | Killed an orc sorcerer
  8338 | D:8      | Noticed an orc sorcerer
  8344 | D:8      | Noticed an ice devil
  8344 | D:8      | HP: 3/64 [orc sorcerer/bolt of negative energy (14)]
  8345 | D:8      | Gained mutation: Your natural rate of healing is unusually
                  | fast. [potion of mutation]
  8346 | D:8      | Slain by an ice devil

Illustrated notes

Levels and vault maps discovered:
D:1:      co_arrival_random_square_maze, layout_basic
D:2:      layout_rooms, minmay_pentomino_q4
D:3:      layout_basic, minmay_misc_feat_rows, uniq_grinder
D:4:      layout_rooms, minmay_misc_feat_pillars
D:5:      layout_basic, minmay_temple_entry_arrows, enter_ossuary_5,
          serial_corexii_hall, chequers_hall_statues_corner_a,
          corexii_hall_statues_deadend, gup_sewer_entry_bubbles,
          nicolae_specific_store, uniq_duvessa
D:6:      layout_layer_cave, nicolae_gozag_seed_capital
D:7:      layout_basic, uniq_menkaure
D:8:      cheibrodos_wizards_tower, layout_basic, serial_shops,
          kennysheep_mini_moat, enter_bailey_3, uniq_grum
Temple:   mainiacjoe_temple_archimedes_tessellation

Skill      XL: |  1  2  3  4  5  6  7  8  9 10 |
---------------+-------------------------------+-----
Shields        | 5 6 9 10 | 10.9
Axes           | 4 5 6 9 10 11 | 11.8
Armour         | 4 5 |  5.0
Bows           | 2 3 |  3.4
Fighting       | |  3.2

Action                   |  1- 3 |  4- 6 |  7- 9 | 10-12 || total
-------------------------+-------+-------+-------+-------++-------
Melee: War axe           |    85 |    20 |     7 |       ||   112
       Demon blade       |       |    19 |   306 |    63 ||   388
 Fire: Shortbow          |       |       |    21 |     8 ||    29
Throw: Dart              |       |       |     2 |       ||     2
 Abil: Dig               |       |       |     5 |       ||     5
  Use: Potion            |     1 |       |     2 |     4 ||     7
       Scroll            |       |       |    18 |     3 ||    21
Armor: Scale mail        |    46 |    20 |   136 |       ||   202
       Plate armour      |       |       |    81 |    62 ||   143
Dodge: Dodged            |    44 |    29 |   169 |    22 ||   264
Block: Buckler           |    16 |    10 |    92 |       ||   118
       Kite shield       |       |       |    22 |    76 ||    98

Table legend: (Time is in decaauts)
 A = Elapsed time spent in this place.
 B = Non-inter-level travel time spent in this place.
 C = Inter-level travel time spent in this place.
 D = Time resting spent in this place.
 E = Time spent auto-exploring this place.
 F = Levels seen in this place.
 G = Mean time per level.
                   A        B        C        D        E       F      G
               +--------+--------+--------+--------+--------+-----+--------+
         Total |   8572 |   8098 |    474 |    702 |   5616 |  10 |  857.2 |
       Dungeon |   7830 |   7379 |    451 |    702 |   5028 |   8 |  978.8 |
        Temple |    267 |    244 |     23 |      0 |    220 |   1 |  267.0 |
       Ossuary |    474 |    474 |      0 |      0 |    368 |   1 |  474.0 |
               +--------+--------+--------+--------+--------+-----+--------+

Top non-repeatable levels by time:
     D:5: 2227 daAuts
     D:6: 1284 daAuts
     D:7: 1050 daAuts
     D:4: 887 daAuts
     D:1: 857 daAuts
     D:2: 609 daAuts
     D:3: 609 daAuts
 Ossuary: 474 daAuts
     D:8: 305 daAuts
  Temple: 267 daAuts
